 Dungeon Crawl Stone Soup version 0.31-a0-1036-g31867e143a (webtiles) character file.

Game seed: 7559669629798366171

107 Descartes the Vexing (level 4, 0/21 HPs)
             Began as a Spriggan Hexslinger on Nov 19, 2023.
             Slain by Ijyb
             ... wielding a +0 dagger
              (4 damage)
             ... on level 3 of the Dungeon.
             The game lasted 00:03:53 (1474 turns).

Descartes the Vexing (Spriggan Hexslinger)          Turns: 1474, Time: 00:03:53

Health: 0/21       AC:  0    Str:  6    XL:     4   Next: 56%
Magic:  9/9        EV: 16    Int: 14    God:
Gold:   134        SH:  0    Dex: 17    Spells: 8/8 levels left

rFire   . . .        a - melded +1 sling
rCold   . . .        (shield currently unavailable)
rNeg    . . .        c - melded +0 robe
rPois   .            (helmet currently unavailable)
rElec   .            o - melded +0 cloak
rCorr   .            (gloves unavailable)
SInv    +            (boots unavailable)
Will    .....        (no amulet)
Stlth   ++           j - melded +5 ring of evasion
HPRegen 0.23/turn    (ring currently unavailable)
MPRegen 0.11/turn

%: no passive effects
@: pig-form (expiring), very quick
A: fast, no casting, small, no large weapons, unfitting armour, see invisible,
(speed 3)
a: no special abilities


You were on level 3 of the Dungeon.
You were a filthy swine.
You visited 1 branch of the dungeon, and saw 3 of its levels.

You collected 134 gold pieces.

Inventory:

Hand Weapons
 a - a +1 sling (melded)
Armour
 c - a +0 robe (melded)
 o - a +0 cloak (melded)
Jewellery
 j - a +5 ring of evasion (melded)
 p - a ring of fire
Scrolls
 b - a scroll of poison
 d - a scroll of revelation {unknown}
 e - a scroll of amnesia {unknown}
 f - 2 scrolls of enchant weapon {unknown}
 i - a scroll of identify {unknown}
 k - 3 scrolls of teleportation {unknown}
 l - a scroll of blinking {unknown}
 m - 3 scrolls of noise {unknown}
 n - a scroll of vulnerability {unknown}
Potions
 g - 2 potions of brilliance {unknown}
 h - 2 potions of enlightenment {unknown}


   Skills:
 - Level 0.7 Fighting
 + Level 2.9 Ranged Weapons
 + Level 3.8 Dodging
 + Level 2.8 Spellcasting
 + Level 4.6 Hexes
 - Level 0.7 Fire Magic


You had 8 spell levels left.
You didn't know any spells.
Your spell library contained the following spells:

 Spells                   Type           Power      Damage    Failure   Level
 Jinxbite                 Hex            28%        N/A       4%          2
 Sigil of Binding         Hex            14%        N/A       10%         3
 Inner Flame              Hex/Fire       9%         N/A       22%         3
 Cause Fear               Hex            7%         N/A       32%         4
 Dimensional Bullseye     Hex/Tloc       4%         N/A       63%         4


Dungeon Overview and Level Annotations

Branches:
Dungeon (3/15)

Altars:

Annotations:
D:3 Ijyb


Innate Abilities, Weirdness & Mutations

You are a filthy swine.
You move quickly.
Your equipment is almost entirely melded.
You are incapable of wielding weapons or throwing items.
You cannot cast spells.
You are very small and have problems with some larger weapons.
You are too small for most types of armour.
You have supernaturally acute eyesight. (SInv)
((You cover ground extremely quickly. (Speed+++)))


Message History

You are too injured to fight recklessly!
You are too injured to fight recklessly!
You are too injured to fight recklessly!
You are too injured to fight recklessly!
You are too injured to fight recklessly!
You are too injured to fight recklessly!
You are too injured to fight recklessly!
You are too injured to fight recklessly!
You are too injured to fight recklessly!
Unknown command.
Ijyb closely misses you.
You closely miss Ijyb.
Ijyb is almost dead.
Ijyb barely misses you.
You barely miss Ijyb.
Ijyb is almost dead.
Ijyb hits you with a +0 dagger.
* * * LOW HITPOINT WARNING * * *
You hit Ijyb but do no damage.
Ijyb is almost dead.
Your transformation is almost over.
Unknown command.
Ijyb attacks as she pursues you! Ijyb barely misses you.
You hit Ijyb but do no damage.
Ijyb is almost dead.
Ijyb misses you.
You closely miss Ijyb.
Ijyb is almost dead.
Ijyb misses you.
You barely miss Ijyb.
Ijyb is almost dead.
Ijyb screams, "Level is mine!
All mine!"
Ijyb closely misses you.
You barely miss Ijyb.
Ijyb is almost dead.
Unknown command.
You barely miss Ijyb.
Ijyb is almost dead.
Ijyb hits you with a +0 dagger.
You die...

# # #### # #...
# #... #...
###### #...
.....# ...
####.# #'######
#.# #....gh#
#.###########.#
#.........†...#
###############


You could see Ijyb.

Vanquished Creatures
  Natasha (D:3)
  4 adders
  4 ball pythons (D:1)
  3 endoplasms
  3 giant cockroaches (D:1)
  3 goblins
  8 hobgoblins
  A quokka (D:2)
  6 bats
  5 frilled lizards
  5 kobolds
  4 rats
47 creatures vanquished.

Notes
Turn   | Place    | Note
-------+----------+-------------------------------------------
     0 | D:1      | Descartes the Spriggan Hexslinger began the quest for the
                  | Orb.
     0 | D:1      | Reached XP level 1. HP: 9/9 MP: 3/3
   108 | D:1      | Reached XP level 2. HP: 14/14 MP: 5/5
   210 | D:1      | Reached skill level 4 in Hexes
   408 | D:1      | Found a faded altar of an unknown god.
   599 | D:2      | Reached XP level 3. HP: 17/17 MP: 7/7
  1044 | D:2      | Reached XP level 4. HP: 21/21 MP: 8/8
  1163 | D:3      | Noticed Natasha
  1172 | D:3      | Killed Natasha
  1446 | D:3      | Noticed Ijyb
  1474 | D:3      | Slain by Ijyb

Illustrated notes

Levels and vault maps discovered:
D:1:      dpeg_arrival_chambers_temple_mockup, layout_rooms,
          chequers_ecumenical_altar_lobes, minmay_ruptured
D:2:      layout_basic, kennysheep_nondescript
D:3:      layout_basic, vehumet_altar_wand_db, pf_just_have_faith, uniq_grinder,
          uniq_natasha, uniq_ijyb

Skill      XL: |  1  2 |
---------------+-------+-----
Dodging        | 3 |  3.8
Spellcasting   | 2 |  2.8
Hexes          | 4 |  4.6
Fighting       | |  0.7
Ranged Weapons | |  2.9
Fire Magic     | |  0.7

Action                     |  1- 3 |  4- 6 || total
---------------------------+-------+-------++-------
  Melee: Unarmed           |       |    12 ||    12
   Fire: Sling             |   104 |    32 ||   136
 Armour: Robe              |    16 |     5 ||    21
         Skin              |       |     4 ||     4
  Dodge: Dodged            |    48 |    17 ||    65

Table legend: (Time is in decaauts)
 A = Elapsed time spent in this place.
 B = Non-inter-level travel time spent in this place.
 C = Inter-level travel time spent in this place.
 D = Time resting spent in this place.
 E = Time spent auto-exploring this place.
 F = Levels seen in this place.
 G = Mean time per level.
                   A        B        C        D        E       F      G
               +--------+--------+--------+--------+--------+-----+--------+
         Total |   1051 |   1045 |      6 |      0 |    776 |   3 |  350.3 |
       Dungeon |   1051 |   1045 |      6 |      0 |    776 |   3 |  350.3 |
               +--------+--------+--------+--------+--------+-----+--------+

Top non-repeatable levels by time:
     D:2: 426 daAuts
     D:1: 398 daAuts
     D:3: 226 daAuts
